 Dungeon Crawl Stone Soup version 0.20.1-1-g8b1a95d (webtiles) character file.

714223 ghjk the Axe Maniac (level 27, -4/273 HPs)
             Began as a Minotaur Fighter on July 16, 2017.
             Was the Champion of the Shining One.
             Slain by an angel
             ... wielding a +3 whip of holy wrath
              (6 damage)
             ... in Pandemonium.
             The game lasted 02:56:48 (79530 turns).

ghjk the Axe Maniac (Minotaur Fighter)             Turns: 79530, Time: 02:56:49

Health: -4/273     AC: 40    Str: 36    XL:     27
Magic:  0/32       EV: 20    Int:  5    God:    the Shining One [******]
Gold:   7164       SH:  0    Dex: 15    Spells: 26/26 levels left

rFire    . . .     SeeInvis .   j - +6 executioner's axe (holy)
rCold    + + +     Gourm    .   (shield currently unavailable)
rNeg     + + +     Faith    .   h - +1 crystal plate armour
rPois    .         Spirit   +   (helmet restricted)
rElec    +         Reflect  .   Q - scarf "Joadd" {rCorr Str+4}
rCorr    +         Harm     .   C - +2 pair of gloves {Dex+3}
MR       +++..                  G - +0 pair of boots {Fly}
Stlth    ..........             F - amulet of guardian spirit
Regen    0.6/turn               o - +5 ring of evasion
MPRegen  0.3/turn               V - ring of Quzuos {rElec rC+++ rN+}

@: about to teleport, flying, glowing
A: retaliatory headbutt, horns 2, icy blue scales 1, magic resistance 1,
screaming 1
}: 5/15 runes: decaying, serpentine, slimy, silver, abyssal
a: Divine Shield, Cleansing Flame, Summon Divine Warrior, Renounce Religion,
Stop Flying


You were in Pandemonium.
You worshipped the Shining One.
The Shining One was exalted by your worship.
You were hungry.

You visited 10 branches of the dungeon, and saw 50 of its levels.
You visited Pandemonium 1 time, and saw 1 of its levels.
You visited the Abyss 6 times.

You collected 7983 gold pieces.
You spent 819 gold pieces at shops.

Inventory:

Hand Weapons
 j - a +6 executioner's axe of holy wrath (weapon)
 x - a +6 broad axe of electrocution
Armour
 h - a +1 crystal plate armour (worn)
 n - a scarf of cloud immunity
 r - a +2 hat of see invisible
 u - a scarf of repulsion
 C - a +2 pair of gloves of dexterity (worn)
 G - a +0 pair of boots of flying (worn)
 Q - the scarf "Joadd" (worn) {rCorr Str+4}
   (You found it on level 5 of the Pits of Slime)

   It affects your strength (+4).
   It protects you from acid and corrosion.
 X - a +0 cloak of poison resistance
Jewellery
 b - the ring "Reeh" {+Fly rElec MR+}
   (You took it off a spriggan berserker on level 2 of the Depths)

   [ring of flight]

   It insulates you from electricity.
   It affects your resistance to hostile enchantments.
   It lets you fly.
 o - a +5 ring of evasion (left hand)
 t - a +5 ring of strength
 w - an uncursed ring of resist corrosion
 y - an uncursed ring of protection from magic
 A - an uncursed ring of poison resistance
 F - an amulet of guardian spirit (around neck)
 V - the ring of Quzuos (right hand) {rElec rC+++ rN+}
   (You found it on level 3 of the Crypt)

   [ring of positive energy]

   It renders you almost immune to cold.
   It insulates you from electricity.
   It protects you from negative energy.
 W - a +4 ring of slaying
Wands
 z - a wand of confusion (27/48)
 B - a wand of polymorph (11/24)
 I - a wand of disintegration (14/24)
 M - a wand of polymorph (5/24)
 P - a wand of disintegration (8/24)
 R - a wand of confusion (14/48)
 Y - a wand of paralysis (9/24)
Scrolls
 a - 3 scrolls of silence
 d - 10 scrolls of magic mapping
 g - 20 scrolls of remove curse
 s - 10 scrolls of teleportation
 v - 3 scrolls of fog
 H - 7 scrolls of recharging
 J - 5 scrolls of holy word
 K - 4 scrolls of blinking
 N - 6 scrolls of fear
 S - a scroll of amnesia
 U - a scroll of identify
Potions
 c - 2 potions of heal wounds
 e - 2 potions of agility
 i - a potion of mutation
 k - 4 potions of cancellation
 l - 6 potions of brilliance
 p - 3 potions of resistance
 q - 7 potions of ambrosia
 D - 7 potions of curing
 E - 2 potions of magic
 L - 4 potions of might
 O - 4 potions of berserk rage
 T - 2 potions of haste
Comestibles
 f - a fruit
 m - 18 meat rations
 Z - a bread ration


   Skills:
 O Level 27 Fighting
 O Level 27 Axes
   Level 5.2(19.2) Maces & Flails
 + Level 0.4 Throwing
 O Level 27 Armour
 + Level 11.0 Dodging
 - Level 6.0 Stealth
   Level 25.1 Shields
 + Level 0.7 Unarmed Combat
 + Level 0.3 Spellcasting
 + Level 6.7 Invocations
 + Level 13.5 Evocations


You had 26 spell levels left.
You didn't know any spells.

Dungeon Overview and Level Annotations

Branches:
Dungeon (15/15)            Temple (1/1) D:7            Lair (6/6) D:8
  Swamp (4/4) Lair:4        Snake (4/4) Lair:3        Slime (5/5) Lair:6
    Orc (2/2) D:9             Elf (0/3) Orc:2        Vaults (5/5) D:14
  Crypt (3/3) Vaults:3       Tomb (0/3) Crypt:3      Depths (5/5) D:15
    Zot (0/5) Depths:5

Altars:
Ashenzari
Cheibriados
Dithmenos
Elyvilon
Fedhas
Gozag
Hepliaklqana
Kikubaaqudgha
Makhleb
Nemelex Xobeh
Okawaru
Qazlal
Ru
Sif Muna
Trog
Uskayaw
Vehumet
Xom
Yredelemnul
Zin
The Shining One
Beogh
Jiyva

Shops:
D:5 %   D:8 *   D:10 !   D:12 ?   Orc:1 (   Orc:2 :[[?   Snake:2 }}}?*
Snake:4 }}=   Vaults:1 %   Vaults:2 (   Vaults:3 %

Portals:
Hell: Depths:1 Depths:2 Depths:3 Depths:4 Depths:5
Abyss: Depths:2 Depths:4
Pandemonium: Depths:3 Depths:5
Ziggurat: Depths:2

Annotations:
D:4 appiemonkey's ghost, novice OgBe
D:6 Prince Ribbit
Lair:6 exclusion: 2 oklob plants
Orc:1 1 runed door, exclusion: 4 orange crystal statues


Innate Abilities, Weirdness & Mutations

You reflexively headbutt those who attack you in melee.
You have a pair of horns on your head.
You are partially covered in icy blue scales. (AC +2)
You are resistant to hostile enchantments. (MR+)
You occasionally shout uncontrollably at your foes.


Message History

The cherub sings a powerful hymn!
The cherub goes into a battle-frenzy!
The ophan calls forth blessed flames!
Blessed fire suddenly surrounds you!
Found a stone.
An angel, a cherub, 2 ophanim and an apis come into view.
The cherub is wielding a flail of flaming.
The angel is wielding a sacred scourge of holy wrath.
Unknown command.
As you read the scroll of teleportation, it crumbles to dust.
You feel strangely unstable. The ophan turns its gaze towards you.
The angel shouts!
The angel hits you with a whip of holy wrath!
* * * LOW HITPOINT WARNING * * *
The angel closely misses you.
The seraph gestures.
The seraph begins to accept its allies' injuries.
The ophan moves out of view.
The angel hits you with a whip of holy wrath.
You die...

....# .##.#
##### ##..#
##≈≈≈## # ##..#
8≈...## .#
##..# ##≈....#
..# #...# #
#8≈....#A..#
#...#
#..##≈......8G.
....#
#..'..§§§.AAAA.
....#
#≈§@AAGGY..
....#
#8≈§§§G.....
....#
##≈≈≈≈A≈≈≈≈≈
....#
##8#8#8#8#8
#...# ## #### #
#...# ....#
....# ....#
##'#'#'##


You could see a seraph, an apis, 2 angels, 4 ophanim and 5 cherubim.

Vanquished Creatures
  the Royal Jelly (Slime:5)
  3 ancient liches
  A juggernaut (Depths:5)
  Boris (Vaults:5)
  Frederick (Depths:4)
  Vashnia (Snake:4)
  Saint Roka (Snake:4)
  Bai Suzhen (Vaults:5)
  3 caustic shrikes
  6 golden dragons
  Nikola (Vaults:1)
  2 pearl dragons (Pan)
  6 bone dragons
  Jorgrun (Swamp:2)
  4 liches
  4 tentacled monstrosities
  A hellephant (Abyss:5)
  Asterion (Depths:2)
  A Hell Sentinel (Abyss:5)
  14 titans
  4 deep elf blademasters
  6 deep elf master archers
  5 quicksilver dragons
  10 tentacled starspawn
  12 sphinxes
  13 acid blobs
  Gastronok (D:11)
  8 ancient champions (Crypt:3)
  5 shadow dragons
  8 storm dragons
  Kirke (Swamp:2)
  20 daevas (Pan)
  8 tengu reavers
  6 azure jellies
  5 revenants
  25 fire giants
  11 nagarajas
  Roxanne (D:15)
  31 frost giants
  7 deep elf sorcerers
  18 vault wardens
  2 draconian scorchers (Depths:5)
  3 iron dragons
  Louise (Depths:2)
  A curse skull (Crypt:1)
  A cacodemon (Abyss:1)
  Aizul (Snake:2)
  The ghost of Lenha2 the Fighter, a journeyman DsBe of Trog (D:15)
  2 ghouls (Crypt:1)
  35 angels
  3 deep elf elementalists
  35 stone giants
  5 spriggan defenders
  24 ironheart preservers
  15 ophanim (Pan)
  3 reapers
  The ghost of polve the Impaler, a journeyman MfSk of Ashenzari (Swamp:1)
  A war gargoyle (Vaults:5)
  18 very ugly things
  3 entropy weavers (Vaults:4)
  37 apis (Pan)
  2 lorocyprocas
  2 black draconians
  6 vampire knights
  2 red draconians
  2 purple draconians
  3 deep elf demonologists
  Azrael (Orc:2)
  4 white draconians
  3 deep elf annihilators
  2 yellow draconians
  4 spark wasps (Depths:4)
  19 ettins
  A spark wasp (shapeshifter) (Abyss:3)
  3 eidola
  2 merfolk javelineers
  4 crystal guardians
  10 deep elf death magi
  A quicksilver dragon zombie (Abyss:1)
  11 jiangshi
  14 fire dragons
  Erolcha (D:9)
  10 death oozes (Slime:5)
  2 green deaths (Swamp:4)
  3 blizzard demons (Abyss:5)
  A merfolk impaler (Abyss:5)
  The ghost of appiemonkey the Whirler, a journeyman HaHu of Okawaru (Lair:2)
  2 mummy priests (Crypt:3)
  27 yaktaur captains
  2 deep elf high priests
  A great orb of eyes (shapeshifter) (Abyss:3)
  16 great orbs of eyes
  19 hydras
  18 naga warriors
  7 rakshasas
  17 ice dragons
  30 vault guards
  The ghost of Inarius the Lord of Darkness, a journeyman DsNe of Kikubaaqudgha (D:11)
  2 ghost crabs
  10 anacondas
  A merfolk avatar (Depths:1)
  7 centaur warriors
  10 spriggan air magi
  3 dancing weapons
  The ghost of MrModeste the Basher, a novice MiFi of Okawaru (D:9)
  6 death knights
  60 two-headed ogres
  19 ogre magi
  9 alligators
  7 tengu warriors
  6 vampire magi
  9 deep troll shamans
  A death yak (Lair:6)
  28 thrashing horrors
  10 shock serpents
  A hell hog (Abyss:5)
  A queen ant (shapeshifter) (Vaults:5)
  11 deep troll earth magi
  A titan zombie (Crypt:1)
  An orc high priest (Orc:2)
  13 naga sharpshooters
  10 spriggan berserkers
  12 hell knights
  11 wretched stars
  Nergalle (Lair:2)
  6 iron trolls
  A sun demon (Depths:3)
  17 deep elf knights
  2 salamander mystics (Snake:3)
  7 shadow wraiths
  30 deep trolls
  7 spatial maelstroms
  18 skeletal warriors
  16 cherubim (Pan)
  A torturous demonspawn (Depths:5)
  A sixfirhy (Abyss:4)
  A glowing orange brain (shapeshifter) (Vaults:5)
  7 sea snakes (Snake:3)
  6 swamp dragons
  An anaconda zombie (Abyss:4)
  5 unseen horrors
  8 wizards
  A swamp dragon (shapeshifter) (Depths:5)
  10 phantasmal warriors
  7 flayed ghosts
  18 starcursed masses
  Pikel (D:6)
  3 shambling mangroves (Swamp:4)
  A lindwurm (Lair:5)
  6 glowing orange brains
  29 large abominations
  12 naga ritualists
  A shadow demon (Abyss:5)
  18 deep elf archers
  A golden dragon skeleton (Crypt:3)
  17 ironbrand convokers
  10 orc knights
  2 human zombies
  An anaconda skeleton (Crypt:1)
  5 harpies (Vaults:4)
  An orb spider (Abyss:5)
  5 necromancers
  44 deep elf magi
  7 wolf spiders
  A cyclops (shapeshifter) (Vaults:4)
  A faun (shapeshifter) (Vaults:5)
  A frost giant zombie (Vaults:3)
  2 wolf spider zombies
  4 shining eyes
  A mana viper (shapeshifter) (Vaults:5)
  12 mana vipers
  11 orc sorcerers
  2 stone giant zombies
  47 ugly things
  6 cyclopes
  7 manticores
  2 worldbinders
  A salamander (shapeshifter) (Vaults:4)
  13 salamanders
  4 elephants (Lair:3)
  A guardian serpent (shapeshifter) (Abyss:3)
  Joseph (D:11)
  18 naga magi
  15 vault sentinels
  6 guardian serpents
  3 rust devils
  49 black mambas
  An eye of devastation (Slime:4)
  3 apocalypse crabs
  2 centaur skeletons
  18 spiny frogs
  A torpor snail (shapeshifter) (Depths:5)
  9 smoke demons
  2 gargoyles
  A black mamba (shapeshifter) (D:14)
  A grey draconian zombie (Crypt:3)
  2 torpor snails (Lair:2)
  A hellion (Abyss:2)
  7 orange demons
  A shock serpent skeleton (Crypt:1)
  An anaconda simulacrum (Crypt:3)
  2 ice devils
  8 komodo dragons
  A yaktaur (shapeshifter) (Vaults:5)
  3 rime drakes
  3 tormentors
  A komodo dragon (shapeshifter) (Abyss:5)
  A white draconian skeleton (Crypt:1)
  A yaktaur skeleton (Vaults:3)
  3 efreet
  12 freezing wraiths
  72 yaktaurs
  A green draconian skeleton (Crypt:2)
  A red devil (Depths:5)
  A death yak skeleton (Crypt:3)
  5 guardian mummies (Crypt:3)
  4 polar bears (Lair:6)
  11 ancient zymes
  A grey draconian skeleton (Crypt:2)
  2 jumping spiders (Vaults:4)
  A minotaur skeleton (Crypt:1)
  6 meliai
  A polar bear (shapeshifter) (Vaults:2)
  A troll (shapeshifter) (Abyss:5)
  Grinder (D:6)
  A guardian serpent zombie (Crypt:2)
  A wolf spider simulacrum (Crypt:1)
  2 meliai (shapeshifter)
  A tengu conjurer (Depths:2)
  5 trolls
  29 hornets
  8 tyrant leeches
  9 blink frogs
  A jumping spider zombie (Crypt:2)
  95 slime creatures
  14 bog bodies
  2 alligator zombies
  9 hippogriffs
  A slime creature (shapeshifter) (Abyss:3)
  23 raiju
  An ice dragon skeleton (Crypt:3)
  3 human simulacra
  4 flying skulls
  A redback (shapeshifter) (Vaults:5)
  An ettin skeleton (Abyss:1)
  23 spriggans
  A fire dragon skeleton (Crypt:2)
  A centaur simulacrum (D:14)
  A vampire (D:10)
  5 water elementals (Depths:2)
  4 redbacks (Vaults:4)
  8 shadows
  14 wraiths
  4 spriggans (shapeshifter)
  8 air elementals
  51 yaks
  6 ynoxinuls
  2 wyverns (D:14)
  A black mamba skeleton (Abyss:3)
  3 ushabtiu (Crypt:3)
  4 fire bats (Abyss:4)
  5 fire elementals (Orc:2)
  5 hogs (Swamp:2)
  4 neqoxecs (Abyss:5)
  2 basilisks
  A wind drake skeleton (Crypt:3)
  A human (shapeshifter) (D:13)
  5 hungry ghosts
  Grum (D:9)
  A golden eye (shapeshifter) (Vaults:2)
  6 chaos spawn
  55 nagas
  5 wargs
  20 spatial vortices
  8 insubstantial wisps
  A soldier ant (shapeshifter) (Depths:5)
  18 swamp worms
  11 vampire mosquitoes
  A deep troll zombie (Crypt:2)
  An infernal demonspawn zombie (Crypt:3)
  An acid dragon (D:15)
  19 water moccasins
  6 hell hounds
  2 hornet zombies
  A snapping turtle zombie (Crypt:1)
  11 porcupines
  2 ettin simulacra
  6 swamp drakes
  A floating eye (Depths:4)
  4 ice beasts
  8 sky beasts
  A black bear (shapeshifter) (Vaults:4)
  33 orc warriors
  An ogre (shapeshifter) (Vaults:4)
  A spiny frog skeleton (Crypt:1)
  7 black bears
  7 eyes of draining
  2 necrophages
  53 ogres
  4 phantoms
  12 boggarts
  10 centaurs
  25 wolves
  13 crocodiles
  2 big kobolds
  A fire crab zombie (Crypt:3)
  25 bullfrogs
  A gnoll sergeant (D:6)
  2 earth elementals
  An elf skeleton (Crypt:1)
  6 scorpions
  A wyvern skeleton (D:14)
  A manticore simulacrum (Abyss:4)
  A spriggan zombie (Crypt:1)
  12 killer bees
  5 wights (D:15)
  2 electric eels
  13 crimson imps
  9 hounds
  2 quasits
  6 centaur zombies
  25 small abominations
  4 iron imps
  3 bullfrog zombies
  9 jellies
  31 orc wizards
  17 orc priests
  A bullfrog skeleton (D:10)
  A basilisk skeleton (Crypt:1)
  A hell rat (Lair:6)
  2 iguanas
  A porcupine zombie (Crypt:1)
  9 worker ants
  4 lightning spires (Abyss:5)
  A big kobold zombie (Crypt:1)
  An acid dragon skeleton (Crypt:3)
  A naga skeleton (Crypt:1)
  A hound skeleton (D:11)
  A howler monkey zombie (D:11)
  12 mummies (Crypt:3)
  3 worker ant zombies
  16 gnolls
  24 adders
  2 howler monkey skeletons
  11 shadow imps
  A steam dragon skeleton (Crypt:1)
  5 white imps
  An ufetubus (Depths:5)
  3 oozes
  An adder zombie (D:7)
  A halfling skeleton (Crypt:1)
  2 lava snake skeletons
  3 worms (D:3)
  2 dart slugs
  2 leopard geckos
  70 orcs
  8 giant cockroaches
  8 goblins
  3 hobgoblins
  6 jackals
  14 kobolds
  A quokka (D:6)
  2 ball pythons
  A ball python zombie (D:5)
  7 bats
  2 frilled lizards
  A gnoll zombie (Crypt:3)
  A goblin skeleton (Crypt:1)
  A hobgoblin zombie (Crypt:2)
  A leopard gecko zombie (Crypt:3)
  A quokka skeleton (D:8)
  A quokka zombie (D:8)
  5 rats
  2 crawling corpses (Depths:3)
  2 fungi (Lair:4)
  12 plants
  14 starspawn tentacles
2874 creatures vanquished.

Vanquished Creatures (collateral kills)
  2 apis (Pan)
2 creatures vanquished.

Vanquished Creatures (others)
  A titan (Crypt:3)
  A fire giant (Abyss:5)
  Nessos (Orc:2)
  An ice dragon (Vaults:4)
  A merfolk impaler (Depths:1)
  A deep elf knight (Vaults:3)
  2 deep elf archers (Vaults:4)
  A large abomination (Abyss:5)
  A deep elf mage (Vaults:3)
  A freezing wraith (Vaults:4)
  7 yaktaurs
  A basilisk (D:14)
  A hog (Swamp:2)
  A naga (Snake:2)
  An eye of draining (D:14)
  3 centaurs
  A jelly (D:14)
  An orc (Orc:1)
  3 bushes (Lair:6)
  12 fungi
  3 lurking horrors
  44 plants
  14 starspawn tentacles
103 creatures vanquished.

Grand Total: 2979 creatures vanquished

Notes
Turn   | Place    | Note
-------+----------+-------------------------------------------
     0 | D:1      | ghjk the Minotaur Fighter began the quest for the Orb.
     0 | D:1      | Reached XP level 1. HP: 19/19 MP: 0/0
    79 | D:1      | Reached XP level 2. HP: 16/27 MP: 1/1
   490 | D:1      | Reached XP level 3. HP: 28/33 MP: 2/2
   838 | D:2      | Found a shattered altar of Ashenzari.
   887 | D:2      | Found a basalt altar of Yredelemnul.
   943 | D:2      | Found an iron altar of Okawaru.
  1037 | D:2      | Became a worshipper of Warmaster Okawaru
  1346 | D:2      | Reached XP level 4. HP: 33/40 MP: 3/3
  1592 | D:3      | Noticed a bullfrog
  1598 | D:3      | Killed a bullfrog
  1598 | D:3      | Reached XP level 5. HP: 44/47 MP: 4/4
  1828 | D:3      | Found a shimmering altar of Xom.
  1853 | D:3      | Reached skill level 5 in Shields
  1862 | D:3      | Reached * piety under Okawaru
  1862 | D:3      | Reached skill level 5 in Axes
  1862 | D:3      | Reached XP level 6. HP: 48/53 MP: 5/5
  1982 | D:4      | Reached skill level 5 in Fighting
  2249 | D:4      | Reached skill level 5 in Armour
  2257 | D:4      | Reached skill level 1 in Dodging
  2257 | D:4      | Reached XP level 7. HP: 46/61 MP: 6/6
  2481 | D:4      | Noticed appiemonkey's ghost (novice OgBe)
  2514 | D:5      | Entered Level 5 of the Dungeon
  2590 | D:5      | Reached ** piety under Okawaru
  2869 | D:5      | Found Voifior's Food Shoppe.
  2940 | D:5      | You fall through a shaft for 2 floors!
  3089 | D:7      | Found a staircase to the Ecumenical Temple.
  3157 | D:7      | Reached XP level 8. HP: 62/70 MP: 7/7
  3665 | D:5      | Reached *** piety under Okawaru
  3980 | D:6      | Noticed Prince Ribbit
  4040 | D:6      | Found a glowing silver altar of Zin.
  4116 | D:6      | Noticed Grinder
  4137 | D:6      | Killed Grinder
  4137 | D:6      | Reached XP level 9. HP: 42/78 MP: 8/8
  4675 | D:6      | Noticed Pikel
  4692 | D:6      | Killed Pikel
  4692 | D:6      | Reached **** piety under Okawaru
  4692 | D:6      | Reached skill level 10 in Axes
  5211 | D:7      | Found a shattered altar of Ashenzari.
  5234 | D:7      | Noticed a two-headed ogre
  5241 | D:7      | Killed a two-headed ogre
  5241 | D:7      | Reached ***** piety under Okawaru
  5241 | D:7      | Received a gift from Okawaru
  5988 | D:8      | Reached XP level 10. HP: 88/88 MP: 9/9
  6026 | D:8      | Found a staircase to the Lair.
  6279 | D:8      | Found Omiutiu's Assorted Antiques.
  6460 | D:8      | Found a stormy altar of Qazlal.
  6592 | D:8      | Found a burning altar of Makhleb.
  6922 | D:9      | Reached skill level 1 in Stealth
  6942 | D:9      | Noticed Grum
  6963 | D:9      | Killed Grum
  7107 | D:9      | Noticed MrModeste's ghost (novice MiFi)
  7124 | D:9      | Killed MrModeste's ghost
  7459 | D:9      | Reached skill level 10 in Shields
  7505 | D:9      | Found a staircase to the Orcish Mines.
  7740 | D:9      | Noticed Erolcha
  7760 | D:9      | Killed Erolcha
  7760 | D:9      | Reached XP level 11. HP: 43/97 MP: 10/10
  8259 | D:10     | Entered Level 10 of the Dungeon
  8604 | D:10     | Noticed a two-headed ogre
  8613 | D:10     | Killed a two-headed ogre
  8613 | D:10     | Received a gift from Okawaru
  8855 | D:10     | Found Kahileg's Distillery.
  8863 | D:10     | Bought a potion of heal wounds for 75 gold pieces
  8863 | D:10     | Bought a potion of curing for 45 gold pieces
  9106 | D:11     | Noticed Gastronok
  9118 | D:11     | Killed Gastronok
  9233 | D:11     | Noticed Joseph
  9243 | D:11     | Killed Joseph
  9345 | D:11     | Found a viscous altar of Jiyva.
  9362 | D:11     | Reached skill level 10 in Fighting
  9592 | D:11     | Reached ****** piety under Okawaru
  9594 | D:11     | Received a gift from Okawaru
  9600 | D:11     | Got an ancient scale mail {god gift}
  9611 | D:11     | Identified the +6 scale mail "Xegorr" {+Fly rN+} (Okawaru gifted it to you on level 11 of the Dungeon)
  9746 | D:11     | Noticed Inarius's ghost (journeyman DsNe)
  9758 | D:11     | Killed Inarius's ghost
  9833 | D:11     | Found a transporter.
  9963 | D:11     | Reached skill level 15 in Axes
  9963 | D:11     | Reached XP level 12. HP: 81/107 MP: 11/11
 10149 | D:11     | Found a transporter.
 10157 | D:11     | Reached skill level 10 in Armour
 10414 | D:12     | Noticed a two-headed ogre
 10419 | D:12     | Killed a two-headed ogre
 10567 | D:12     | Noticed a seven-headed hydra
 10795 | D:12     | Found Qutusena's Magic Scroll Shoppe.
 11472 | D:13     | Received a gift from Okawaru
 11916 | D:13     | Noticed an eight-headed hydra
 11955 | D:13     | Killed an eight-headed hydra
 12174 | D:13     | Reached skill level 1 in Maces & Flails
 12237 | D:13     | Noticed a two-headed ogre
 12248 | D:13     | Killed a two-headed ogre
 12248 | D:13     | Received a gift from Okawaru
 13002 | D:14     | Reached XP level 13. HP: 117/117 MP: 12/12
 13543 | D:14     | Received a gift from Okawaru
 14337 | D:14     | Found a gate to the Vaults.
 14507 | D:14     | Received a gift from Okawaru
 14915 | D:14     | Paralysed by a hornet for 3 turns
 15376 | Lair:1   | Entered Level 1 of the Lair of Beasts
 15912 | Lair:1   | Reached skill level 5 in Dodging
 15912 | Lair:1   | Reached XP level 14. HP: 113/127 MP: 13/13
 15993 | Lair:1   | You fall through a shaft!
 16525 | Lair:2   | Received a gift from Okawaru
 16540 | Lair:2   | Noticed appiemonkey's ghost (journeyman HaHu)
 16571 | Lair:2   | Killed appiemonkey's ghost
 16581 | Lair:2   | Noticed Nergalle
 16586 | Lair:2   | Killed Nergalle
 16764 | Lair:2   | Found a snail-covered altar of Cheibriados.
 17374 | Lair:3   | Found a staircase to the Snake Pit.
 17986 | Lair:4   | Found a frozen archway.
 18079 | Lair:4   | Received a gift from Okawaru
 18098 | Lair:4   | Got a pair of steaming gloves {god gift}
 18109 | Lair:4   | Identified the +0 pair of gloves "Aran" {MR- rCorr Str+2} (Okawaru gifted it to you on level 4 of the Lair of Beasts)
 18716 | Lair:4   | Found a staircase to the Swamp.
 19493 | Lair:5   | Reached skill level 5 in Maces & Flails
 20027 | Lair:6   | Entered Level 6 of the Lair of Beasts
 20038 | Lair:6   | Reached skill level 15 in Shields
 20048 | Lair:6   | Found a staircase to the Slime Pits.
 20434 | Lair:6   | Received a gift from Okawaru
 20721 | Lair:6   | Reached XP level 15. HP: 137/137 MP: 14/14
 21847 | Orc:1    | Entered Level 1 of the Orcish Mines
 21847 | Orc:1    | Found a roughly hewn altar of Beogh.
 22020 | Orc:2    | Entered Level 2 of the Orcish Mines
 22421 | Orc:2    | Found a roughly hewn altar of Beogh.
 22458 | Orc:2    | Found a staircase to the Elven Halls.
 22488 | Orc:2    | Noticed Azrael
 22503 | Orc:2    | Killed Azrael
 22503 | Orc:2    | Received a gift from Okawaru
 23424 | Orc:2    | Noticed Nessos
 23553 | Orc:2    | Killed Nessos
 23954 | Orc:2    | Found Ohaig's Book Boutique.
 24007 | Orc:2    | Found an ancient bone altar of Kikubaaqudgha.
 24017 | Orc:2    | Paralysed by an orc sorcerer for 5 turns
 24037 | Orc:2    | Found Mawer's Antique Armour Shop.
 24038 | Orc:2    | Found a roughly hewn altar of Beogh.
 24042 | Orc:2    | Found Rurchoc's Magic Scroll Boutique.
 24055 | Orc:2    | Paralysed by an orc sorcerer for 5 turns
 24082 | Orc:2    | Found a radiant altar of Vehumet.
 24118 | Orc:2    | Gained mutation: You tend to lose your temper in combat. [a neqoxec]
 24462 | Orc:1    | Found Loseq's Antique Weapon Shoppe.
 24651 | Orc:1    | Found a runed door.
 24831 | Orc:1    | Found a runed door.
 24942 | Orc:2    | Found Cearch's Antique Armour Shop.
 24950 | Orc:2    | Paralysed by an orc sorcerer for 2 turns
 25051 | Orc:2    | Bought a runed cloak for 225 gold pieces
 25416 | Snake:1  | Entered Level 1 of the Snake Pit
 25767 | Snake:1  | Received a gift from Okawaru
 25800 | Snake:1  | Got a pair of warped gloves {god gift}
 25811 | Snake:1  | Identified the +0 pair of gloves of Piyson {rF+} (Okawaru gifted it to you on level 1 of the Snake Pit)
 26371 | Snake:1  | Reached skill level 15 in Fighting
 26972 | Snake:2  | Found Uhepiq's Gadget Shoppe.
 26982 | Snake:2  | Reached XP level 16. HP: 141/149 MP: 10/15
 27031 | Snake:2  | Found Yriereturr's Gadget Emporium.
 27033 | Snake:2  | Found Wuaxocy's Magic Scroll Shop.
 27118 | Snake:2  | Found a hide-covered altar of Uskayaw.
 27720 | Snake:2  | Found Teozxyth's General Store.
 27768 | Snake:2  | Bought 2 scrolls of teleportation for 84 gold pieces
 27768 | Snake:2  | Bought a scroll of identify for 28 gold pieces
 27768 | Snake:2  | Bought a scroll of teleportation for 42 gold pieces
 27780 | Snake:2  | Found Puohiutu's Gadget Emporium.
 27785 | Snake:2  | Noticed Aizul
 27800 | Snake:2  | Killed Aizul
 27800 | Snake:2  | Received a gift from Okawaru
 28349 | Snake:3  | HP: 6/149 [naga warrior/halberd (5)]
 29670 | Snake:2  | HP: 5/151 [poisoned by a naga ritualist (toxic radiance)]
 30088 | Swamp:1  | Entered Level 1 of the Swamp
 30098 | Swamp:1  | Noticed polve's ghost (journeyman MfSk)
 30143 | Swamp:1  | Killed polve's ghost
 30473 | Swamp:1  | Found a shimmering altar of Xom.
 31397 | Swamp:1  | Received a gift from Okawaru
 31457 | Swamp:2  | Noticed Kirke
 31480 | Swamp:2  | Killed Kirke
 31606 | Swamp:2  | Noticed Jorgrun
 31623 | Swamp:2  | Killed Jorgrun
 32235 | Swamp:3  | Reached XP level 17. HP: 145/158 MP: 16/16
 33035 | Swamp:4  | Entered Level 4 of the Swamp
 34258 | Swamp:4  | Paralysed by a hornet for 2 turns
 34386 | Swamp:4  | Received a gift from Okawaru
 35254 | Swamp:4  | Received a gift from Okawaru
 35287 | Swamp:4  | Noticed a tentacled monstrosity
 35297 | Swamp:4  | Killed a tentacled monstrosity
 35525 | Swamp:4  | Got a decaying rune of Zot
 36356 | Snake:3  | Received a gift from Okawaru
 36367 | Snake:3  | Got an encrusted war axe {god gift}
 36368 | Snake:3  | Identified the +9 war axe of Welfare {chaos, +Rage rF+ rN+} (Okawaru gifted it to you on level 3 of the Snake Pit)
 37147 | Snake:4  | Entered Level 4 of the Snake Pit
 37147 | Snake:4  | Noticed Vashnia
 38017 | Snake:4  | Received a gift from Okawaru
 38017 | Snake:4  | Reached XP level 18. HP: 135/170 MP: 17/17
 38477 | Snake:3  | Reached skill level 1 in Invocations
 39439 | Snake:4  | Killed Vashnia
 39849 | Snake:4  | Found a basalt altar of Yredelemnul.
 39897 | Snake:4  | Noticed Saint Roka
 40520 | Snake:4  | Reached skill level 10 in Dodging
 40723 | Snake:4  | Killed Saint Roka
 42314 | Snake:4  | Received a gift from Okawaru
 42345 | Snake:4  | Found Munecs's Gadget Emporium.
 42346 | Snake:4  | Found Vosmoust's Jewellery Boutique.
 42347 | Snake:4  | Found Moacups's Gadget Emporium.
 42398 | Snake:4  | Bought an uncursed ring of poison resistance for 320 gold pieces
 43239 | Snake:4  | Got a serpentine rune of Zot
 43582 | Vaults:1 | Entered Level 1 of the Vaults
 43690 | Vaults:1 | Received a gift from Okawaru
 43835 | Vaults:1 | Got a coiled silver amulet
 44041 | Vaults:1 | Reached XP level 19. HP: 181/181 MP: 19/19
 44228 | Vaults:1 | Found Mahorom's Food Boutique.
 44320 | Vaults:1 | Noticed Nikola
 44333 | Vaults:1 | Killed Nikola
 44415 | Vaults:1 | Received a gift from Okawaru
 44715 | Vaults:1 | Cast into level 3 of the Abyss (a deep elf demonologist)
 44716 | Abyss:3  | Found a corrupted altar of Lugonu.
 44951 | Vaults:1 | Escaped the Abyss
 45111 | Vaults:1 | Identified the amulet "Piobumimi" {RegenMP rC+ Dex-3 Stlth+} (You took it off an ogre mage on level 1 of the Vaults)
 45711 | Vaults:2 | Received a gift from Okawaru
 46238 | Vaults:2 | Received a gift from Okawaru
 46393 | Vaults:2 | Found Ydan's Antique Weapon Shop.
 46721 | Vaults:2 | Cast into level 2 of the Abyss (a deep elf sorcerer)
 46853 | Abyss:2  | Noticed a bone dragon
 46865 | Abyss:2  | Killed a bone dragon
 46865 | Abyss:2  | Reached XP level 20. HP: 193/193 MP: 20/20
 46893 | Abyss:2  | Noticed a bone dragon
 46902 | Abyss:2  | Killed a bone dragon
 46955 | Vaults:2 | Escaped the Abyss
 47158 | Vaults:2 | Received a gift from Okawaru
 47322 | Vaults:3 | Found Wuolon's Food Shop.
 47422 | Vaults:3 | Reached skill level 15 in Armour
 47877 | Vaults:3 | Received a gift from Okawaru
 48156 | Vaults:3 | Paralysed by an ogre mage for 6 turns
 49009 | Vaults:3 | Found a staircase to the Crypt.
 49406 | Vaults:4 | Received a gift from Okawaru
 49465 | Vaults:4 | Paralysed by a sphinx for 2 turns
 49471 | Vaults:4 | Paralysed by a sphinx for 6 turns
 49574 | Vaults:4 | Reached XP level 21. HP: 170/204 MP: 21/21
 50905 | Vaults:4 | Received a gift from Okawaru
 52003 | D:15     | Entered Level 15 of the Dungeon
 52111 | D:15     | Noticed Lenha2's ghost (journeyman DsBe)
 52124 | D:15     | Killed Lenha2's ghost
 52288 | D:15     | Found a staircase to the Depths.
 52452 | D:15     | Noticed Roxanne
 52474 | D:15     | Killed Roxanne
 52475 | D:15     | Identified Roxanne's Almanac of Changing (You took it off Roxanne on level 15 of the Dungeon)
 52591 | Depths:1 | Entered Level 1 of the Depths
 52823 | Depths:1 | Found a runed warning-scrawled door.
 52918 | Depths:1 | Found a gateway to Hell.
 53233 | Depths:1 | Found a runed door.
 53360 | Depths:1 | Found a runed door.
 53694 | Depths:2 | Noticed Asterion
 53711 | Depths:2 | Killed Asterion
 53711 | Depths:2 | Reached XP level 22. HP: 211/215 MP: 22/22
 53760 | Depths:2 | Found a one-way gate to the infinite horrors of the Abyss.
 53764 | Depths:2 | Noticed Louise
 53765 | Depths:2 | Cast into level 3 of the Abyss (Louise)
 53785 | Depths:2 | Escaped the Abyss
 53798 | Depths:2 | Killed Louise
 53911 | Depths:2 | Received a gift from Okawaru
 54088 | Depths:2 | Found a gateway to a ziggurat.
 55003 | Depths:2 | Noticed a golden dragon
 55021 | Depths:2 | Killed a golden dragon
 55774 | Depths:2 | Got a clouded iron ring
 55913 | Depths:2 | Received a gift from Okawaru
 57032 | Depths:3 | Received a gift from Okawaru
 57076 | Depths:3 | Found a one-way gate leading to the halls of Pandemonium.
 57107 | Depths:3 | Found a runed door.
 57535 | Depths:3 | Reached XP level 23. HP: 226/226 MP: 16/23
 57565 | Depths:3 | Identified the ring "Reeh" {+Fly rElec MR+} (You took it off a spriggan berserker on level 2 of the Depths)
 57760 | Depths:4 | Received a gift from Okawaru
 58463 | Depths:4 | Noticed a caustic shrike
 58474 | Depths:4 | Killed a caustic shrike
 58638 | Depths:4 | Noticed a caustic shrike
 58644 | Depths:4 | Killed a caustic shrike
 58801 | Depths:4 | Received a gift from Okawaru
 58887 | Depths:4 | Got a crude executioner's axe {god gift}
 58888 | Depths:4 | Identified the +10 executioner's axe "Suzev" {drain, rF+ rN+} (Okawaru gifted it to you on level 4 of the Depths)
 58928 | Depths:4 | Paralysed by a great orb of eyes for 3 turns
 58993 | Depths:4 | Paralysed by a floating eye for 2 turns
 59148 | Depths:4 | Noticed Frederick
 59156 | Depths:4 | Killed Frederick
 59610 | Depths:4 | Received a gift from Okawaru
 60193 | Depths:5 | Entered Level 5 of the Depths
 60439 | Depths:5 | Received a gift from Okawaru
 60623 | Depths:5 | Reached XP level 24. HP: 189/238 MP: 24/24
 60947 | Depths:5 | Found a runed door.
 61608 | Depths:5 | Found a gate to the Realm of Zot.
 61901 | Depths:5 | Noticed an ancient lich
 61901 | Depths:5 | Noticed a juggernaut
 62570 | Depths:5 | Killed an ancient lich
 62714 | Depths:5 | Paralysed by a sphinx for 5 turns
 62725 | Depths:5 | Killed a juggernaut
 62754 | Depths:5 | Got an ancient shield
 62755 | Depths:5 | Identified the cursed -9 shield "Trusted Companion" {rCorr} (You found it on level 5 of the Depths)
 62794 | Depths:5 | Received a gift from Okawaru
 63928 | Vaults:5 | Entered Level 5 of the Vaults
 63946 | Vaults:5 | Reached skill level 27 in Axes
 63972 | Vaults:5 | Noticed Bai Suzhen
 64276 | Vaults:5 | Identified Sif Muna's Catalogue of Quantum Moulding
 64277 | Vaults:5 | Identified the Volume of Confrontation and Execration
 64307 | Vaults:5 | Got a bound pewter ring
 64308 | Vaults:5 | Identified the ring "Voabro" {Ice +Fly MR+} (You found it on level 5 of the Vaults)
 64379 | Vaults:5 | Reached XP level 25. HP: 177/253 MP: 21/24
 64384 | Vaults:5 | Received a gift from Okawaru
 64885 | Vaults:5 | Got a silver rune of Zot
 64898 | Vaults:5 | Cast into level 3 of the Abyss (a deep elf sorcerer)
 64906 | Vaults:5 | Escaped the Abyss
 65351 | Vaults:5 | Received a gift from Okawaru
 65655 | Vaults:5 | Noticed an ancient lich
 65667 | Vaults:5 | Killed an ancient lich
 65667 | Vaults:5 | Reached skill level 27 in Fighting
 65820 | Vaults:5 | Noticed Boris
 65832 | Vaults:5 | Killed Boris
 66003 | Vaults:5 | Reached skill level 5 in Stealth
 66024 | Vaults:5 | Killed Bai Suzhen
 66042 | Vaults:5 | Cast into level 2 of the Abyss (a deep elf sorcerer)
 66227 | Vaults:5 | Escaped the Abyss
 67284 | Slime:1  | Entered Level 1 of the Pits of Slime
 67294 | Slime:1  | Received a gift from Okawaru
 67409 | Slime:4  | Paralysed by a great orb of eyes for 7 turns
 67462 | Slime:4  | Gained mutation: Scrolls take you a little longer to read. [a shining eye]
 67533 | Slime:5  | Entered Level 5 of the Pits of Slime
 67539 | Slime:5  | Gained mutation: You are weak. (Str -2) [a shining eye]
 67588 | Slime:5  | Noticed the Royal Jelly
 67593 | Slime:5  | Killed the Royal Jelly
 67593 | Slime:5  | Received a gift from Okawaru
 67593 | Slime:5  | Reached XP level 26. HP: 223/266 MP: 17/24
 67639 | Slime:5  | Identified the Volume of Conjuration
 67647 | Slime:5  | Got a slimy rune of Zot
 67698 | Slime:5  | Got a smoking scarf
 67768 | Slime:5  | Identified the cursed scarf "Joadd" {rCorr Str+4} (You found it on level 5 of the Pits of Slime)
 68415 | Temple   | Entered the Ecumenical Temple
 68655 | Temple   | Fell from the grace of Okawaru
 68655 | Temple   | Became a worshipper of the Shining One
 68987 | Crypt:1  | Entered Level 1 of the Crypt
 69002 | Crypt:1  | Reached * piety under the Shining One
 69183 | Crypt:1  | Reached ** piety under the Shining One
 69654 | Crypt:2  | Reached *** piety under the Shining One
 69955 | Crypt:2  | Reached **** piety under the Shining One
 70250 | Crypt:3  | Entered Level 3 of the Crypt
 70321 | Crypt:3  | Reached ***** piety under the Shining One
 70455 | Crypt:3  | Reached skill level 5 in Invocations
 70762 | Crypt:3  | Found a staircase to the Tomb.
 70765 | Crypt:3  | Reached ****** piety under the Shining One
 70899 | Crypt:3  | HP: 12/266 [deep elf archer/uncursed short sword[the fury of Okawaru] (4)]
 71286 | Crypt:3  | Found a basalt altar of Yredelemnul.
 71289 | Crypt:3  | Found an ancient bone altar of Kikubaaqudgha.
 71367 | Crypt:3  | Identified Kikubaaqudgha's Volume of Evil Rituals
 71393 | Crypt:3  | Got a scorched silver ring
 71397 | Crypt:3  | Got a pitted amber ring
 71400 | Crypt:3  | Identified the ring of Quzuos {rElec rC+++ rN+} (You found it on level 3 of the Crypt)
 71402 | Crypt:3  | Identified the ring "Vecsenez" {*Corrode rN+ Int+3} (You found it on level 3 of the Crypt)
 71422 | Crypt:3  | Noticed an ancient lich
 71425 | Crypt:3  | Killed an ancient lich
 71923 | Temple   | Identified a +6 executioner's axe of holy wrath (a +4 executioner's axe of freezing blessed by the Shining One)
 71923 | Temple   | Received a gift from the Shining One
 72212 | Depths:2 | Voluntarily entered the Abyss.
 72213 | Abyss:1  | Found a corrupted altar of Lugonu.
 72241 | Abyss:1  | Gained mutation: Your magical capacity is low. (-10% MP) [a cacodemon]
 72373 | Abyss:1  | Got a pair of jewelled boots
 72386 | Abyss:1  | Identified the cursed +0 pair of boots of Boiling Hail {SInv} (You found it on level 1 of the Abyss)
 73161 | Abyss:4  | Found a corrupted altar of Lugonu.
 73228 | Abyss:4  | Reached XP level 27. HP: 215/273 MP: 23/23
 73425 | Abyss:5  | Entered Level 5 of the Abyss
 73561 | Abyss:5  | Gained mutation: Your body sometimes deteriorates upon taking damage. [a neqoxec]
 73679 | Abyss:5  | Found a corrupted altar of Lugonu.
 73964 | Abyss:5  | Got an abyssal rune of Zot
 74006 | Abyss:5  | Noticed an ancient lich
 74131 | Abyss:5  | Reached skill level 27 in Armour
 74136 | Depths:2 | Escaped the Abyss
 74139 | Depths:2 | Lost mutation: Your magical capacity is low. (-10% MP) [potion of mutation]
 74139 | Depths:2 | Lost mutation: Scrolls take you a little longer to read. [potion of mutation]
 74139 | Depths:2 | Gained mutation: You have a pair of large horns on your head. [potion of mutation]
 74139 | Depths:2 | Gained mutation: You are clumsy. (Dex -2) [potion of mutation]
 74139 | Depths:2 | Gained mutation: Your natural rate of healing is unusually fast. [potion of mutation]
 74140 | Depths:2 | Lost mutation: You have a pair of large horns on your head. [potion of mutation]
 74140 | Depths:2 | Lost mutation: You are clumsy. (Dex -2) [potion of mutation]
 74140 | Depths:2 | Gained mutation: You are clumsy. (Dex -2) [potion of mutation]
 74140 | Depths:2 | Gained mutation: Your mind is acute. (Int +2) [potion of mutation]
 74140 | Depths:2 | Gained mutation: You have a beak for a mouth. [potion of mutation]
 74141 | Depths:2 | Lost mutation: Your mind is acute. (Int +2) [potion of mutation]
 74141 | Depths:2 | Lost mutation: You are clumsy. (Dex -2) [potion of mutation]
 74141 | Depths:2 | Lost mutation: You are weak. (Str -2) [potion of mutation]
 74141 | Depths:2 | Lost mutation: Your body sometimes deteriorates upon taking damage. [potion of mutation]
 74141 | Depths:2 | Gained mutation: You often lose your temper in combat. [potion of mutation]
 74141 | Depths:2 | Gained mutation: You are partially covered in icy blue scales. (AC +2) [potion of mutation]
 74142 | Depths:2 | Lost mutation: You often lose your temper in combat. [potion of mutation]
 74142 | Depths:2 | Lost mutation: You tend to lose your temper in combat. [potion of mutation]
 74142 | Depths:2 | Lost mutation: You are partially covered in icy blue scales. (AC +2) [potion of mutation]
 74142 | Depths:2 | Lost mutation: Your natural rate of healing is unusually fast. [potion of mutation]
 74142 | Depths:2 | Gained mutation: You are clumsy. (Dex -2) [potion of mutation]
 74142 | Depths:2 | Gained mutation: Scrolls take you a little longer to read. [potion of mutation]
 74142 | Depths:2 | Gained mutation: You are resistant to electric shocks. (rElec) [potion of mutation]
 74143 | Depths:2 | Lost mutation: Scrolls take you a little longer to read. [potion of mutation]
 74143 | Depths:2 | Lost mutation: You are resistant to electric shocks. (rElec) [potion of mutation]
 74143 | Depths:2 | Lost mutation: You are clumsy. (Dex -2) [potion of mutation]
 74143 | Depths:2 | Lost mutation: You have a beak for a mouth. [potion of mutation]
 74143 | Depths:2 | Gained mutation: You occasionally shout uncontrollably at your foes. [potion of mutation]
 74143 | Depths:2 | Gained mutation: You are resistant to hostile enchantments. (MR+) [potion of mutation]
 74143 | Depths:2 | Gained mutation: You are partially covered in icy blue scales. (AC +2) [potion of mutation]
 74973 | Depths:3 | Reached skill level 1 in Evocations
 75186 | Pan      | Entered Pandemonium
 75726 | Pan      | Reached skill level 5 in Evocations
 76431 | Pan      | Found a white marble altar of Elyvilon.
 76823 | Pan      | Was forgiven by Okawaru
 77424 | Pan      | Reached skill level 10 in Evocations
 79528 | Pan      | HP: 12/273 [daeva/divine providence (13)]
 79529 | Pan      | Noticed a seraph
 79530 | Pan      | HP: 2/273 [angel/whip of holy wrath (11)]
 79530 | Pan      | Slain by an angel

Skill      XL: |  1  2  3  4  5  6  7  8  9 10 11 12 13 14 15 16 17 18 19 20 21 22 23 24 25 26 27 |
---------------+----------------------------------------------------------------------------------+-----
Shields        | 4 5 6 7 8 10 11 12 13 15 16 18 19 20 21 22 23 24 25 | 25.1
Fighting       | 4 5 6 7 9 10 11 12 13 15 16 17 18 19 21 22 23 24 26 27 | 27.0
Armour         | 4 5 7 8 9 10 11 12 13 14 15 16 17 21 25 27 | 27.0
Axes           | 3 4 5 6 7 9 11 13 15 16 17 18 19 20 21 22 23 24 25 26 27 | 27.0
Dodging        | 1 2 4 5 6 7 8 9 10 11 | 11.0
Stealth        | 1 2 3 4 6 |  6.0
Maces & Flails | 2 3 5 |  5.2
Invocations    | 2 3 5 6 |  6.7
Evocations     | 13 | 13.5
Throwing       | |  0.4
Unarmed Combat | |  0.7
Spellcasting   | |  0.3

Action                   |  1- 3 |  4- 6 |  7- 9 | 10-12 | 13-15 | 16-18 | 19-21 | 22-24 | 25-27 || total
-------------------------+-------+-------+-------+-------+-------+-------+-------+-------+-------++-------
Melee: War axe           |    80 |    95 |   341 |   252 |       |       |       |       |       ||   768
       Headbutt          |    12 |    10 |    68 |   139 |   325 |   437 |   455 |   346 |   659 ||  2451
       Broad axe         |       |       |       |   295 |  1199 |  1521 |  1323 |   623 |       ||  4961
       Morningstar       |       |       |       |     6 |    24 |       |       |       |       ||    30
       Executioner's axe |       |       |       |       |       |       |       |   480 |  2151 ||  2631
Invok: Heroism           |       |       |       |     1 |     3 |     1 |       |     2 |     1 ||     8
       Finesse           |       |       |       |       |       |     3 |       |     3 |     1 ||     7
       Brand Weapon With |       |       |       |       |       |       |       |       |     1 ||     1
       Summon Divine War |       |       |       |       |       |       |       |       |     2 ||     2
Evoke: Wand              |       |       |       |       |       |       |       |       |     3 ||     3
  Use: Scroll            |       |     6 |     8 |     8 |    20 |    16 |     8 |    13 |    17 ||    96
       Potion            |       |     1 |       |     1 |     3 |     8 |     1 |     3 |    10 ||    27
 Stab: Distracted        |       |       |       |       |     1 |       |       |     3 |     2 ||     6
  Eat: Chunk             |       |     4 |    11 |    12 |    16 |    10 |    11 |     9 |     4 ||    77
       Royal jelly       |       |       |     1 |     5 |     4 |     4 |     2 |     2 |     5 ||    23
       Fruit             |       |       |       |       |    21 |     7 |     6 |     7 |     6 ||    47
       Bread ration      |       |       |       |       |     1 |     5 |     2 |     3 |     6 ||    17
       Meat ration       |       |       |       |       |       |     2 |     1 |       |     1 ||     4
Armor: Scale mail        |    38 |    29 |    16 |    61 |   252 |   216 |       |       |       ||   612
       Plate armour      |       |       |   107 |    94 |       |    35 |   229 |   260 |       ||   725
       Crystal plate arm |       |       |       |       |       |       |       |    61 |  1061 ||  1122
Dodge: Dodged            |    23 |    60 |   110 |   176 |   436 |   564 |   413 |   530 |  1277 ||  3589
       Deflected         |       |       |       |       |       |       |    12 |    23 |       ||    35
Block: Shield            |    48 |    56 |   159 |   350 |   796 |  1096 |   960 |   414 |       ||  3879
       Reflection        |       |       |       |    21 |    35 |   127 |   112 |    41 |       ||   336
       Large shield      |       |       |       |       |       |       |       |    59 |       ||    59
       Other             |       |       |       |       |       |       |       |    17 |       ||    17
